Map: Alaeni Enclave

Players

RazariO

  • Race: Zerg Zerg
  • Spawn Location: 9:00

Sleepwalker

  • Race: Protoss Protoss
  • Spawn Location: 5:00

Tjocker

  • Race: Protoss Protoss
  • Spawn Location: 3:00

Mufus

  • Race: Protoss Protoss
  • Spawn Location: 7:00

Maelthor - Winner!

  • Race: Terran Terran
  • Spawn Location: 11:00

Erfeyah - Winner!

  • Race: Protoss Protoss
  • Spawn Location: 9:00

Iluvatar - Winner!

  • Race: Terran Terran
  • Spawn Location: 3:00

athabstract - Winner!

  • Race: Protoss Protoss
  • Spawn Location: 1:00

VOD

Have the link to the VOD?

Description

Time

  • Played on: Nov. 16, 2017, 2:31 p.m.
  • Length: 17:19
Show
View Real Time Build Order
Export as new Build Order

RazariO Zerg 

Build Orders: Pool First 

Get SALT Encoding   

  13  0:21  Drone x2, Overlord  
  14  0:40  Drone  
  15  0:45  Spawning Pool  
  15  0:47  Drone  
  15  1:10  Hatchery  
  14  1:21  Drone x3  
  17  1:41  Drone  
  18  1:47  Extractor  
  18  1:50  Extractor  
  18  1:53  Drone  
  18  1:54  Drone  
  18  1:58  Queen  
  20  2:07  Spore Crawler  
  19  2:12  Spore Crawler  
  19  2:13  Spore Crawler  
  17  2:18  Spore Crawler  
  16  2:23  Drone  
  16  2:27  Drone x3  
  20  2:41  Drone  
  21  2:51  Spore Crawler  
  20  2:52  Spore Crawler  
  20  2:55  Drone, Spore Crawler  
  19  3:01  Drone  
  20  3:14  Zergling x4  
  22  3:21  Zergling x4  
  24  3:29  Zergling x2  
  25  3:46  Drone  
  25  3:47  Overlord  
  27  3:55  Drone x2  
  28  4:22  Hatchery  
  27  4:31  Drone x2  
  29  4:34  Drone  
  30  4:59  Drone x3  
  33  5:02  Lair  
  29  5:27  Drone x3  
  29  5:28  Drone x3  
  35  5:42  Drone x2  
  37  5:43  Drone x4  
  37  5:48  Drone  
  42  5:57  Extractor  
  42  6:00  Extractor  
  40  6:11  Spire  
  39  6:19  Spire  
  38  6:27  Drone x4, Infestation Pit  
  38  6:28  Drone  
  38  6:31  Overlord x2  
  42  6:49  Overlord x2  
  42  6:50  Overlord x2  
  42  6:54  Drone  
  42  6:56  Drone  
  42  6:57  Drone  
  40  7:25  Hive  
  40  7:28  Corruptor x3  
  40  7:29  Corruptor  
  48  7:50  Spore Crawler  
  48  7:51  Spore Crawler  
  46  7:55  Spore Crawler  
  45  8:20  Zergling x2  
  45  8:21  Zergling x4  
  45  8:24  Zergling x2  
  45  8:25  Zergling x4  
  21  9:48  Overseer  
Show
View Real Time Build Order
Export as new Build Order

Sleepwalker Protoss 

Build Orders: Double Forge, Nexus First 

Get SALT Encoding   

  12  0:03  Probe  
  13  0:42  Nexus  
  13  0:46  Probe (Chrono Boost)  
  14  0:55  Assimilator  
  14  0:58  Assimilator  
  14  1:13  Pylon  
  14  1:14  Pylon  
  14  1:36  Probe  
  15  1:50  Probe (Chrono Boost)  
  15  1:54  Probe (Chrono Boost)  
  19  2:02  Probe (Chrono Boost)  
  19  2:07  Pylon  
  19  2:08  Probe x2 (Chrono Boost)  
  21  2:11  Probe (Chrono Boost)  
  21  2:14  Probe (Chrono Boost)  
  24  2:26  Probe (Chrono Boost)  
  24  2:27  Probe (Chrono Boost)  
  24  2:32  Probe  
  24  2:35  Forge  
  24  2:37  Probe  
  26  2:44  Probe, Pylon  
  26  2:49  Probe  
  28  2:56  Probe (Chrono Boost)  
  29  3:01  Gateway  
  29  3:08  Probe (Chrono Boost)  
  31  3:14  Probe x2 (Chrono Boost)  
  31  3:18  Pylon  
  32  3:21  Pylon  
  32  3:23  Probe  
  33  3:47  Photon Cannon  
  33  3:50  Photon Cannon  
  33  3:54  Photon Cannon  
  33  3:58  Photon Cannon  
  33  4:02  Photon Cannon  
  33  4:03  Protoss Shields Level 1 (Chrono Boost)  
  33  4:11  Nexus  
  34  4:17  Probe (Chrono Boost)  
  34  4:22  Assimilator  
  35  4:24  Assimilator  
  35  4:28  Probe (Chrono Boost)  
  36  4:31  Probe  
  36  4:34  Forge  
  36  4:38  Cybernetics Core  
  36  4:43  Probe (Chrono Boost)  
  37  4:55  Probe (Chrono Boost)  
  38  5:04  Probe (Chrono Boost)  
  39  5:09  Probe, Protoss Ground Weapons Level 1 (Chrono Boost)  
  40  5:19  Twilight Council  
  40  5:21  Probe  
  40  5:23  Robotics Facility  
  41  5:30  Probe  
  42  5:36  Protoss Ground Armor Level 1 (Chrono Boost), Warp Gate (Chrono Boost)  
  42  5:42  Probe  
  43  5:54  Probe, Pylon  
  44  5:58  Blink  
  44  6:06  Probe  
  45  6:11  Photon Cannon  
  45  6:14  Photon Cannon  
  45  6:18  Photon Cannon, Probe  
  45  6:21  Photon Cannon  
  46  6:32  Robotics Bay, Protoss Shields Level 2 (Chrono Boost)  
  46  6:34  Dark Shrine  
  45  7:00  Photon Cannon  
  45  7:01  Photon Cannon  
  45  7:02  Photon Cannon  
  45  7:05  Photon Cannon  
  45  7:07  Photon Cannon  
  45  7:08  Probe  
  45  7:09  Photon Cannon  
  45  7:12  Photon Cannon  
  45  7:13  Photon Cannon  
  46  7:20  Probe, Assimilator  
  46  7:21  Colossus  
  53  7:24  Assimilator  
  48  7:33  Probe  
  49  7:40  Pylon  
  49  7:42  Pylon  
  49  7:45  Probe  
  49  7:47  Pylon  
  50  7:57  Probe  
  51  7:59  Protoss Ground Weapons Level 2 (Chrono Boost)  
  51  8:03  Photon Cannon  
  51  8:15  Colossus (Chrono Boost)  
  51  8:18  Protoss Ground Armor Level 2  
  51  8:19  Extended Thermal Lance (Chrono Boost)  
  57  8:58  Colossus (Chrono Boost)  
  65  9:42  Colossus (Chrono Boost)  
  65  10:25  Colossus (Chrono Boost)  
  65  11:09  Colossus (Chrono Boost)  
  59  11:22  Robotics Bay  
  59  11:23  Robotics Bay  
  59  11:32  Protoss Ground Weapons Level 3 (Chrono Boost)  
  59  11:34  Protoss Ground Armor Level 3 (Chrono Boost)  
  59  11:52  Robotics Facility, Colossus (Chrono Boost)  
  65  11:55  Robotics Facility  
  71  12:42  Photon Cannon  
  71  12:43  Photon Cannon  
  71  12:45  Photon Cannon  
  71  12:46  Colossus (Chrono Boost)  
  71  12:48  Photon Cannon  
  71  12:50  Photon Cannon  
  71  12:51  Photon Cannon  
  71  12:53  Photon Cannon  
  71  12:57  Photon Cannon  
  71  12:59  Photon Cannon  
  71  13:02  Photon Cannon  
  71  13:04  Photon Cannon  
  71  13:08  Photon Cannon  
  71  13:09  Photon Cannon  
  71  13:13  Colossus x2 (Chrono Boost)  
  89  13:35  Colossus (Chrono Boost)  
  89  13:42  Pylon  
  89  13:47  Pylon x2  
  89  13:51  Pylon  
  89  13:57  Colossus (Chrono Boost)  
  101  14:07  Colossus (Chrono Boost)  
  101  14:19  Protoss Shields Level 3 (Chrono Boost)  
  107  14:28  Colossus (Chrono Boost)  
  107  14:40  Colossus  
  107  14:50  Colossus  
  77  15:06  Colossus  
  83  15:34  Colossus  
  89  15:44  Colossus  
  83  16:09  Colossus (Chrono Boost)  
  77  16:28  Colossus (Chrono Boost)  
Show
View Real Time Build Order
Export as new Build Order

Tjocker Protoss 

Build Orders: 1 Gate Expand 

Get SALT Encoding   

  12  0:02  Probe (Chrono Boost)  
  13  0:15  Pylon  
  13  0:27  Probe  
  14  0:35  Gateway  
  14  0:40  Assimilator  
  15  1:04  Probe (Chrono Boost)  
  15  1:25  Nexus  
  15  1:53  Cybernetics Core  
  15  2:00  Assimilator  
  15  2:04  Probe  
  16  2:16  Probe  
  17  2:28  Probe (Chrono Boost)  
  18  2:41  Probe (Chrono Boost)  
  18  2:42  Probe (Chrono Boost)  
  22  2:48  Probe x2 (Chrono Boost)  
  22  2:51  Probe  
  23  3:01  Stargate  
  23  3:06  Probe  
  24  3:18  Probe (Chrono Boost)  
  25  3:30  Probe (Chrono Boost)  
  26  3:34  Nexus  
  26  3:38  Probe (Chrono Boost)  
  26  3:40  Assimilator  
  27  3:44  Probe (Chrono Boost)  
  28  3:51  Void Ray  
  33  3:56  Probe (Chrono Boost)  
  33  3:58  Probe  
  33  4:02  Pylon  
  34  4:04  Stargate  
  34  4:10  Probe  
  34  4:11  Pylon  
  34  4:13  Probe  
  34  4:16  Protoss Air Weapons Level 1 (Chrono Boost)  
  36  4:22  Probe  
  37  4:25  Probe  
  37  4:32  Assimilator  
  37  4:35  Probe  
  26  4:52  Probe x2 (Chrono Boost)  
  28  4:59  Void Ray (Chrono Boost)  
  34  5:03  Probe x2 (Chrono Boost)  
  35  5:09  Probe (Chrono Boost)  
  35  5:13  Probe (Chrono Boost)  
  37  5:20  Probe x3 (Chrono Boost)  
  39  5:23  Probe, Void Ray  
  44  5:30  Probe  
  44  5:35  Probe  
  37  6:18  Void Ray (Chrono Boost)  
  45  6:28  Void Ray (Chrono Boost)  
  28  6:51  Void Ray  
  32  7:01  Void Ray  
  15  7:24  Probe (Chrono Boost)  
  15  7:29  Probe (Chrono Boost)  
  19  7:40  Probe x2 (Chrono Boost)  
  19  7:43  Probe  
  18  7:45  Probe  
  14  7:55  Probe  
  14  7:57  Probe  
  12  8:09  Probe  
  12  8:48  Nexus  
  8  10:06  Probe (Chrono Boost)  
  10  10:18  Probe (Chrono Boost)  
  10  10:20  Probe  
  11  10:39  Pylon  
  11  10:42  Pylon  
  11  10:49  Assimilator  
  11  11:13  Probe (Chrono Boost)  
  12  11:25  Probe (Chrono Boost)  
  13  11:27  Probe  
  13  11:29  Void Ray  
  13  11:31  Pylon  
  14  11:39  Probe  
  15  11:44  Cybernetics Core  
  15  11:51  Probe  
  10  12:12  Void Ray  
  14  12:23  Probe  
  15  12:35  Probe  
  16  12:47  Probe  
  17  12:55  Void Ray  
  21  13:38  Void Ray  
  25  14:03  Probe (Chrono Boost)  
  26  14:15  Probe (Chrono Boost)  
  27  14:22  Void Ray, Cybernetics Core  
  15  15:30  Stargate  
  11  16:22  Void Ray (Chrono Boost)  
Show
View Real Time Build Order
Export as new Build Order

Mufus Protoss 

Build Orders:  

Get SALT Encoding   

  12  0:29  Probe  
  12  0:31  Pylon  
  13  0:41  Probe  
  14  0:56  Probe  
  15  1:00  Gateway  
  15  1:02  Forge  
  15  1:10  Probe  
  16  1:15  Assimilator  
  16  1:26  Probe  
  16  1:30  Assimilator  
  17  1:38  Pylon  
  17  1:51  Probe  
  18  2:00  Photon Cannon  
  18  2:03  Probe  
  18  2:05  Photon Cannon  
  19  2:10  Photon Cannon  
  19  2:15  Probe  
  20  2:25  Cybernetics Core  
  20  2:36  Pylon  
  20  2:50  Pylon  
  20  3:10  Probe  
  21  3:18  Stargate  
  21  3:22  Probe  
  22  3:34  Probe  
  23  4:05  Photon Cannon, Probe  
  24  4:12  Stargate  
  24  4:18  Void Ray  
  28  4:28  Nexus  
  28  4:34  Assimilator  
  28  4:36  Assimilator  
  28  4:39  Pylon  
  28  4:55  Void Ray  
  28  4:57  Photon Cannon  
  32  5:04  Probe  
  33  5:11  Void Ray  
  37  5:55  Void Ray  
  37  5:56  Void Ray  
  45  5:59  Probe  
  45  6:02  Probe  
  47  6:12  Probe  
  47  6:14  Probe  
  49  6:24  Probe  
  50  6:26  Probe  
  50  6:31  Stargate  
  51  6:33  Stargate  
  51  6:38  Probe  
  52  6:49  Protoss Air Weapons Level 1 (Chrono Boost)  
  52  6:50  Probe  
  33  7:19  Void Ray x2  
  41  7:42  Void Ray  
  41  7:43  Void Ray  
  49  7:50  Pylon  
  49  7:55  Pylon  
  49  8:04  Void Ray  
  53  8:06  Void Ray  
  57  8:28  Cybernetics Core  
  57  8:33  Photon Cannon  
  57  8:38  Void Ray x2  
  57  9:17  Void Ray x3  
  57  9:18  Void Ray  
  61  9:33  Protoss Air Armor Level 1 (Chrono Boost)  
  61  10:00  Void Ray x4  
  77  10:39  Photon Cannon  
  77  10:41  Photon Cannon  
  77  10:43  Photon Cannon  
  77  10:48  Photon Cannon, Void Ray  
  81  10:56  Photon Cannon  
  81  11:12  Photon Cannon  
  81  11:17  Void Ray  
  85  11:32  Pylon  
  85  11:39  Pylon  
  85  12:03  Void Ray (Chrono Boost)  
  85  12:04  Void Ray x2 (Chrono Boost)  
  46  13:07  Nexus  
  46  13:15  Pylon  
  46  13:19  Pylon  
  46  13:26  Pylon  
  46  13:52  Pylon  
  46  14:08  Void Ray  
  46  14:09  Void Ray  
  54  15:54  Void Ray (Chrono Boost)  
  54  15:55  Void Ray (Chrono Boost)  
  66  15:57  Void Ray (Chrono Boost)  
Show
View Real Time Build Order
Export as new Build Order

Maelthor Terran - Winner!

Build Orders: 1/1/1, Liberator Opening, MMM Bio 

Get SALT Encoding   

  12  0:01  SCV  
  13  0:14  Supply Depot  
  13  0:18  SCV  
  14  0:30  SCV  
  14  0:31  Refinery  
  15  0:43  Barracks  
  15  0:46  SCV  
  16  0:58  SCV  
  17  1:11  SCV  
  18  1:23  SCV  
  19  1:31  Supply Depot  
  19  1:34  Factory  
  19  1:35  SCV  
  20  1:40  Supply Depot  
  20  1:42  Marine  
  21  1:49  Orbital Command  
  21  2:06  Barracks Reactor  
  21  2:07  Refinery  
  21  2:16  SCV  
  22  2:29  Starport  
  22  2:33  SCV  
  23  2:38  Factory Tech Lab  
  23  2:42  Marine x2  
  25  2:45  SCV  
  26  2:55  Liberator  
  26  2:57  SCV  
  27  3:02  Command Center  
  30  3:14  Marine  
  30  3:15  SCV, Marine  
  33  3:20  Supply Depot  
  33  3:30  Factory Tech Lab  
  33  3:32  SCV, Marine x2  
  36  3:42  Liberator  
  36  3:49  Barracks  
  36  3:52  Marine x2  
  36  3:54  SCV  
  39  3:57  Factory Reactor  
  42  4:06  SCV  
  42  4:09  Engineering Bay  
  43  4:11  Marine  
  43  4:13  Marine  
  45  4:18  SCV  
  45  4:21  Orbital Command  
  46  4:30  SCV  
  47  4:47  Barracks  
  47  4:49  Barracks  
  44  4:56  SCV x2  
  46  5:02  Marine x2  
  46  5:04  Marine  
  49  5:07  Stimpack  
  49  5:08  SCV  
  49  5:11  SCV  
  51  5:18  Terran Infantry Weapons Level 1  
  51  5:20  SCV, Medivac x2  
  56  5:24  SCV  
  56  5:25  Marine x2, Refinery  
  56  5:26  Marine  
  60  5:32  SCV, Supply Depot  
  61  5:36  SCV  
  62  5:46  Barracks Reactor  
  62  5:47  Barracks Tech Lab  
  62  5:50  Supply Depot  
  62  5:52  Supply Depot  
  62  5:53  Marine x2  
  62  5:54  SCV, Supply Depot  
  65  6:06  Marine  
  65  6:07  Marauder  
  65  6:08  SCV x2  
  70  6:11  Marine x2  
  70  6:12  Medivac  
  70  6:13  Medivac  
  76  6:20  SCV  
  76  6:21  Supply Depot  
  76  6:24  Engineering Bay, Marine  
  78  6:42  Medivac  
  78  6:43  Medivac  
  82  6:50  Marine  
  82  6:51  Marine x4, Marauder  
  84  7:08  Marine x2  
  84  7:09  Marine x2, Marauder  
  84  7:10  Barracks  
  84  7:11  Barracks  
  84  7:12  Medivac  
  88  7:26  Marine x3, Marauder  
  88  7:27  SCV x2  
  95  7:32  Terran Infantry Armor Level 1  
  95  7:33  Marine  
  95  7:35  Armory  
  97  7:40  Supply Depot  
  96  7:51  Marine x2  
  93  8:13  SCV  
  93  8:14  SCV  
  93  8:15  Refinery  
  93  8:18  Marine x4, Marauder  
  101  8:22  Barracks Reactor x2  
  101  8:26  Command Center  
  101  8:45  Marine x3, Marauder  
  106  8:54  Marine  
  106  8:55  Marauder  
  109  9:00  Marine  
  109  9:01  Marine x3  
  104  9:03  Marine x3  
  104  9:07  Marauder  
  94  9:23  Marine x3  
  94  9:24  Marauder  
  95  9:29  Marine x5, Marauder  
  102  9:41  Marine  
  103  9:50  Command Center  
  103  9:54  Orbital Command  
  103  9:56  Marauder x2  
  103  9:58  Medivac  
  109  10:00  Medivac  
  111  10:13  Combat Shields  
  110  10:26  Marine  
  110  10:27  Marine x5, Marauder  
  118  10:28  Medivac  
  118  10:30  Medivac  
  122  10:37  SCV  
  122  10:38  SCV x2  
  125  10:54  Terran Infantry Weapons Level 2  
  125  10:58  Supply Depot x2  
  125  10:59  Supply Depot  
  125  11:02  Marine x5, Marauder  
  125  11:03  Supply Depot  
  129  11:10  Marine x3, Marauder  
  133  11:11  SCV x2  
  133  11:13  Orbital Command  
  133  11:17  SCV  
  135  11:19  Marine x3  
  135  11:23  SCV  
  135  11:24  Marauder  
  141  11:26  Marine x2  
  141  11:28  Marine x3  
  141  11:32  Marauder  
  145  11:41  Marine x3  
  145  11:44  Marine x2  
  145  11:45  Marauder  
  145  11:46  Marine  
  153  11:47  SCV x3  
  153  11:48  SCV  
  157  11:59  SCV x2  
  157  12:00  SCV x2  
  137  12:24  Marine x3  
  137  12:25  Marine x6  
  137  12:26  Marine  
  131  12:42  Marine x3  
  131  12:43  Marine x5  
  131  12:44  Marauder  
  113  12:55  Marauder  
  113  13:00  Marine x5  
  113  13:01  Marine x3  
  119  13:07  Marauder  
  113  13:14  Thor  
  113  13:15  Marine  
  113  13:18  Marine x2, Terran Vehicle Weapons Level 1  
  122  13:21  Terran Infantry Weapons Level 3, Terran Infantry Armor Level 2  
  122  13:24  Marine x2  
  122  13:25  Marine x4  
  128  13:31  Barracks  
  128  13:32  Barracks  
  128  13:34  Barracks  
  128  13:48  Medivac x2  
  132  13:54  Marine x3  
  135  14:01  Thor  
  141  14:03  Marine x6, Marauder  
  149  14:12  Marine x3  
  149  14:16  Factory  
  152  14:18  Armory  
  152  14:20  Marine  
  152  14:21  Marine  
  152  14:23  Barracks Reactor x2  
  152  14:24  Barracks Reactor  
  154  14:27  Refinery  
  154  14:30  Marine x2, Refinery  
  154  14:31  Marine x5, Marauder  
  163  14:38  Marine x2  
  165  14:48  Marine x2  
  163  15:03  Refinery  
  163  15:06  Refinery  
  163  15:07  Marine x4  
  167  15:19  Supply Depot  
  167  15:22  Supply Depot  
  167  15:34  Marine  
  167  15:35  Marine x2, Marauder  
  172  15:40  Marine x6  
  177  15:45  Thor  
  162  16:05  Marine x3  
  162  16:06  Marine x6, Marauder  
  167  16:15  Marine x4  
  167  16:16  Marine, Marauder  
  174  16:23  Marine x3  
  177  16:44  Marine x2  
  177  16:45  Marine x7, Marauder  
  188  16:48  Supply Depot  
  188  16:59  Command Center  
Show
View Real Time Build Order
Export as new Build Order

Erfeyah Protoss - Winner!

Build Orders:  

Get SALT Encoding   

  12  0:05  Probe  
  13  0:17  Probe  
  14  0:29  Probe  
  15  0:38  Pylon  
  15  0:46  Assimilator  
  15  0:50  Assimilator  
  15  0:56  Probe  
  16  1:08  Gateway  
  16  1:14  Gateway  
  16  1:16  Gateway  
  16  1:30  Probe  
  17  1:42  Probe  
  18  1:55  Probe  
  19  2:17  Probe  
  20  2:29  Probe  
  21  2:36  Cybernetics Core  
  21  2:41  Probe  
  21  2:43  Pylon  
  22  2:51  Pylon  
  22  2:55  Pylon  
  22  3:06  Zealot  
  22  3:07  Zealot x2  
  28  3:30  Nexus  
  28  3:34  Zealot x3  
  34  4:04  Sentry x2  
  34  4:05  Stalker  
  40  4:30  Adept, Stalker  
  44  4:35  Zealot  
  46  4:40  Assimilator  
  46  4:45  Assimilator  
  46  4:47  Probe  
  47  4:57  Zealot  
  47  4:59  Probe  
  50  5:10  Stalker  
  50  5:11  Probe, Stalker  
  55  5:23  Probe  
  55  5:24  Stalker  
  58  5:31  Gateway  
  58  5:35  Probe, Gateway  
  59  5:40  Stalker  
  61  5:47  Probe  
  62  9:07  Probe, Stalker  
  62  9:09  Zealot x2  
  61  9:10  Zealot x2  
  61  9:14  Pylon  
  61  9:19  Probe  
  61  9:21  Pylon  
  62  9:32  Probe  
  62  9:36  Stalker, Zealot x2  
  69  9:39  Stalker x2  
  69  9:45  Probe  
  74  9:57  Probe  
  75  10:00  Pylon  
  75  10:03  Stalker  
  77  10:18  Stalker x4  
  85  11:55  Probe  
  83  15:25  Probe  
Show
View Real Time Build Order
Export as new Build Order

Iluvatar Terran - Winner!

Build Orders: MMM Bio 

Get SALT Encoding   

  12  0:02  SCV  
  13  0:15  SCV  
  14  0:27  Supply Depot  
  14  0:30  SCV  
  15  0:43  Refinery  
  15  0:49  SCV  
  16  0:50  Barracks  
  16  1:01  SCV  
  17  1:13  SCV  
  17  1:17  Barracks  
  18  1:25  SCV  
  19  1:32  Refinery  
  19  1:37  Marine  
  20  1:40  Supply Depot  
  20  1:44  SCV  
  21  1:52  Factory  
  21  1:57  SCV  
  21  1:58  Marine  
  23  2:08  Barracks Tech Lab  
  23  2:11  SCV  
  24  2:19  Marine  
  26  2:32  Orbital Command  
  25  2:37  Stimpack  
  25  2:47  Starport  
  25  2:57  Supply Depot  
  25  2:58  Marine  
  25  3:01  SCV  
  25  3:05  Marine  
  28  3:20  SCV, Barracks  
  28  3:22  Marine  
  28  3:25  Marine  
  31  3:33  Medivac  
  33  3:39  Marine  
  34  3:42  Marine  
  34  3:43  Hellion  
  37  3:49  Supply Depot  
  37  4:01  SCV  
  37  4:08  Supply Depot  
  37  4:09  Marine  
  37  4:11  Marine  
  37  4:12  Marine  
  37  4:13  Medivac  
  42  4:24  SCV  
  43  4:41  SCV  
  43  4:44  Command Center  
  44  4:47  Engineering Bay, Marine  
  44  4:48  Marine  
  44  4:52  Marine  
  46  4:56  SCV  
  48  5:05  Medivac  
  50  5:19  Marine x2  
  52  5:35  Medivac  
  52  5:37  Marine  
  55  5:47  Marine  
  54  5:55  Marine  
  49  6:05  Marine  
  45  6:13  Marine  
  45  6:15  Terran Infantry Weapons Level 1  
  45  6:16  Medivac  
  46  6:18  Marine  
  46  6:23  Marine  
  48  6:28  Combat Shields  
  48  6:30  Marine  
  49  6:36  Marine  
  50  6:41  Marine  
  51  6:48  Marine  
  51  6:51  Medivac  
  54  6:58  Marine  
  54  6:59  SCV  
  54  7:01  Supply Depot, Hellion  
  56  7:04  Supply Depot  
  56  7:06  Marine  
  59  7:16  Marine  
  59  7:21  Medivac  
  62  7:24  Marine  
  62  7:25  Planetary Fortress  
  63  7:34  Marine  
  64  7:39  SCV  
  64  7:42  Marine  
  64  7:43  Marine  
  67  7:51  SCV  
  67  7:52  Marine  
  69  8:00  Marine  
  70  8:10  Marine  
  71  8:17  Marine  
  72  8:20  SCV x2, Command Center  
  74  8:32  SCV x2  
  76  8:34  Marine  
  76  8:35  Marine  
  76  8:38  Refinery  
  78  8:41  Refinery  
  78  8:44  SCV x2  
  78  8:45  Medivac, Barracks  
  82  8:48  Barracks  
  82  8:51  Supply Depot  
  82  8:52  Marine  
  83  8:56  SCV x2  
  83  9:08  SCV  
  83  9:17  Medivac  
  83  9:18  Marine x2  
  87  9:36  Marine  
  88  9:41  Marine x2  
  88  9:42  Marine x2  
  75  10:14  Starport Reactor  
  75  10:15  Marine x4  
  75  10:20  Hellion  
  75  10:21  Marine  
  82  10:23  Terran Infantry Armor Level 1  
  82  10:24  SCV  
  83  10:32  Armory  
  83  10:33  Marine  
  84  10:36  SCV x3  
  84  10:38  Starport  
  84  10:40  Starport  
  87  10:47  Starport  
  87  10:48  SCV x3  
  72  10:58  Marine x5  
  72  11:00  SCV x2  
  72  11:01  SCV  
  70  11:12  SCV  
  70  11:13  SCV x2  
  70  11:16  Marine x5  
  78  11:24  SCV  
  79  11:34  Marine x5  
  84  11:43  Planetary Fortress  
  84  11:44  SCV x2  
  86  11:51  Marine, Viking x3  
  93  12:00  SCV x2, Marine x2, Viking x2  
  101  12:21  Factory Tech Lab  
  101  12:37  Supply Depot  
  101  12:39  Supply Depot  
  101  12:46  Marine  
  101  12:48  Marine  
  101  12:51  SCV  
  101  12:58  Marine  
  101  12:59  SCV, Viking x3  
  101  13:00  Marine x2, Viking x2  
  101  13:01  Supply Depot  
  101  13:02  Supply Depot  
  101  13:04  SCV, Marine  
  113  13:06  Marine  
  113  13:11  SCV  
  115  13:16  SCV, Marine  
  117  13:22  Marine  
  117  13:23  SCV  
  119  13:27  Supply Depot  
  119  13:28  Supply Depot  
  119  13:29  Viking x3  
  119  13:30  Supply Depot, Viking x2  
  119  13:31  Supply Depot  
  129  13:37  SCV  
  129  13:38  SCV, Marine x2  
  133  13:45  Concussive Shells  
  133  13:49  Marine x3  
  136  13:56  Marine x2  
  136  13:58  Viking x2  
  142  14:07  Marine x3  
  145  14:14  Marine x2  
  147  14:24  Marine x3  
  150  14:32  Marine  
  132  14:58  Marine x3  
  132  15:58  Marine x4  
  132  15:59  Marine  
  115  16:10  Viking x4  
  101  16:16  Marine x5  
  86  16:18  Viking  
  86  16:34  Marine x5  
  89  16:40  Viking x4  
  97  16:51  Marine  
  97  16:52  Marine x4  
Show
View Real Time Build Order
Export as new Build Order

athabstract Protoss - Winner!

Build Orders: Oracle Opening 

Get SALT Encoding   

  12  0:03  Probe  
  13  0:15  Probe  
  14  0:27  Probe, Pylon  
  15  0:33  Assimilator  
  15  0:45  Probe  
  16  0:53  Gateway  
  16  1:02  Probe  
  17  1:05  Assimilator  
  17  1:17  Probe  
  18  1:29  Probe  
  19  1:37  Pylon  
  19  1:41  Probe  
  19  1:46  Cybernetics Core  
  20  1:50  Gateway  
  20  1:54  Probe  
  23  2:01  Zealot  
  23  2:20  Probe  
  24  2:28  Warp Gate  
  24  2:32  Probe  
  26  2:47  Stalker  
  26  2:49  Stalker  
  29  2:54  Probe  
  30  3:08  Stargate  
  30  3:24  Pylon  
  30  3:26  Stalker  
  31  3:42  Probe, Zealot  
  34  3:53  Oracle  
  37  3:56  Zealot  
  39  4:06  Robotics Facility  
  39  4:22  Pylon  
  39  4:39  Oracle  
  39  4:40  Zealot x2  
  46  4:55  Observer  
  46  4:57  Pylon  
  47  5:15  Oracle, Stalker x2  
  54  5:55  Pylon  
  54  5:58  Pylon  
  54  6:01  Gateway  
  54  6:02  Gateway  
  54  6:09  Nexus  
  54  6:13  Void Ray, Stalker x2  
  62  7:13  Stalker  
  62  7:14  Stalker  
  66  7:43  Stalker  
  68  7:51  Assimilator  
  68  7:52  Void Ray  
  68  7:54  Assimilator  
  68  7:56  Stalker x2  
  68  7:57  Stalker  
  78  8:11  Pylon  
  78  8:14  Pylon  
  78  8:17  Forge  
  78  8:25  Twilight Council  
  78  8:28  Robotics Bay  
  78  8:38  Gateway  
  78  8:40  Gateway  
  78  8:41  Gateway  
  78  8:43  Probe  
  76  9:57  Stalker x3  
  76  9:58  Stalker  
  84  10:04  Blink  
  84  10:28  Void Ray  
  88  10:36  Extended Thermal Lance  
  88  11:22  Stalker x3  
  88  11:23  Stalker  
  96  11:35  Probe  
  97  11:47  Probe  
  97  11:48  Pylon  
  97  11:50  Pylon  
  98  11:59  Probe  
  99  12:05  Resonating Glaives  
  99  12:11  Probe  
  93  12:24  Probe  
  55  12:49  Zealot x2  
  55  12:50  Zealot x2  
  61  12:55  Void Ray  
  57  14:04  Void Ray  
  61  14:13  Stalker x3  
  61  14:14  Stalker  
  69  14:39  Protoss Ground Armor Level 1  
  69  14:43  Stalker x3  
  69  14:44  Stalker  
  69  14:45  Stalker  
  79  14:46  Stalker  
  81  15:22  Stalker x2  
  81  15:23  Stalker x3  
  84  16:40  Stalker x3  
  84  16:41  Stalker  
Tags
 
Add a new tag
Caveats
  • Supply blocks, unpowered buildings, or Contaminate may cause inaccurate times.
  • Supply counts are checked every 10 seconds.